 Dungeon Crawl Stone Soup version 0.27-a0-1137-g3ef0f4ec91 (webtiles) character file.

Game seed: 2878796337940139006

174 Zeld the Chucker (level 5, -8/36 HPs)
             Began as an Octopode Fighter on May 6, 2021.
             Mangled by a scorpion (10 damage)
             ... on level 4 of the Dungeon.
             The game lasted 00:03:26 (4145 turns).

Zeld the Chucker (Octopode Fighter)                 Turns: 4145, Time: 00:03:27

Health: -8/36      AC:  1    Str: 16    XL:     5   Next: 54%
Magic:  14/14      EV: 11    Int: 13    God:
Gold:   130        SH:  9    Dex: 11    Spells: 4/4 levels left

rFire    . . .     SeeInvis .   a - +0 war axe
rCold    . . .     Faith    .   b - +0 kite shield
rNeg     . . .     Spirit   .   (helmet restricted)
rPois    .         Reflect  .   (no amulet)
rElec    .         Harm     .   k - ring of magical power
rCorr    .         Rampage  .   (no ring)
Will     .....                  (no ring)
Stlth    ++........             (no ring)
HPRegen  0.12/turn              (no ring)
MPRegen  0.14/turn              (no ring)
                                (no ring)
                                (no ring)

@: lethally poisoned (-8 -> -12), hasted, very quick
A: almost no armour, amphibious, 8 rings, camouflage 1, gelatinous body 1,
(nimble swimmer 1), tentacles, tentacle spike 2, clever 1
a: no special abilities


You were on level 4 of the Dungeon.
You visited 1 branch of the dungeon, and saw 4 of its levels.

You collected 130 gold pieces.

Inventory:

Hand Weapons
 a - a +0 war axe (weapon)
Missiles
 f - 31 poisoned darts (quivered)
Armour
 b - a +0 kite shield (worn)
Jewellery
 k - a ring of magical power (left tentacle)
Wands
 n - a wand of paralysis (4)
Scrolls
 d - 2 scrolls of noise {unknown}
 j - a scroll of enchant weapon {unknown}
 l - a scroll of fog {unknown}
 m - a scroll of identify {unknown}
 o - a scroll of amnesia {unknown}
 p - a scroll of teleportation {unknown}
Potions
 c - a potion of might
 e - a potion of curing {unknown}


   Skills:
 - Level 3.4 Fighting
 - Level 2.6 Axes
 * Level 4.0 Throwing
 - Level 3.0 Dodging
 - Level 3.4 Shields


You had 4 spell levels left.
You didn't know any spells.
Your spell library contained the following spells:

 Spells                   Type           Power      Damage    Failure   Level
 Corona                   Hex            0%         N/A       80%         1
 Magic Dart               Conj           0%         1d3       80%         1
 Summon Small Mammal      Summ           0%         N/A       80%         1
 Blink                    Tloc           N/A        N/A       90%         2
 Call Imp                 Summ           0%         N/A       90%         2
 Ensorcelled Hibernation  Hex/Ice        0%         N/A       90%         2
 Slow                     Hex            0%         N/A       90%         2
 Call Canine Familiar     Summ           0%         N/A       99%         3
 Confusing Touch          Hex            0%         N/A       99%         3
 Conjure Flame            Conj/Fire      0%         6-21      99%         3
 Dazzling Flash           Conj/Hex       0%         N/A       99%         3
 Mephitic Cloud           Conj/Pois/Air  0%         N/A       99%         3
 Summon Guardian Golem    Hex/Summ       0%         N/A       99%         3
 Tukima's Dance           Hex            0%         N/A       99%         3
 Summon Ice Beast         Ice/Summ       0%         N/A       100%        4
 Summon Lightning Spire   Summ/Air       0%         N/A       100%        4


Dungeon Overview and Level Annotations

Branches:
Dungeon (4/15)
 Temple: D:4-7

Altars:

Shops:
D:2 [


Innate Abilities, Weirdness & Mutations

You cannot wear most types of armour.
You are amphibious.
You can wear up to eight rings at the same time.
Your skin changes colour to match your surroundings (Stealth+).
Your rubbery body absorbs attacks. (AC +1, EV +1)
((You are camouflaged near water. (Stealth+)))
You have tentacles for arms and can constrict up to eight enemies at once.
One of your tentacles bears a nasty spike.
Your mind is acute. (Int +2)


Message History

You barely miss the scorpion. You grab the scorpion.
You hit the endoplasm but do no damage.
You constrict the scorpion, but do no damage.
The scorpion stings you! The endoplasm hits you. The scorpion stings you.
The endoplasm closely misses you.
Unknown command.
You release your grip on the scorpion.
You are too injured to fight recklessly!
You are too injured to fight recklessly!
You are too injured to fight recklessly!
Unknown command.
The scorpion barely misses you.
There is a stone staircase leading down here.
A dart slug comes into view.
An iguana comes into view.
Found 11 gold pieces.
You block the scorpion's attack.
Found a smoky white potion.
Found 10 gold pieces.
The iguana misses you. The scorpion stings you!
You are lethally poisoned!
The scorpion poisons you!
Found a large platinum amulet.
* * * LOW HITPOINT WARNING * * *
You feel very sick.
* * * LOW HITPOINT WARNING * * *
You feel very sick. The iguana barely misses you.
It was a potion of cancellation.
You feel magically purged.
* * * LOW HITPOINT WARNING * * *
You feel sick. You block the iguana's attack.
It was a potion of haste.
You feel yourself speed up.
* * * LOW HITPOINT WARNING * * *
You feel sick. The scorpion completely misses you.
It was a potion of mutation.
You feel extremely strange.
One of your lower tentacles grows a sharp spike.
You feel clever.
Your tentacle spike grows bigger.
* * * LOW HITPOINT WARNING * * *
You feel sick. The scorpion stings you!
You die...

.....". #........
#........$.. #...........!
############.....$......#
#.......................+
+........lsJ...........w#
#........@.l............#
#...#.....####............#
# +.....# #............
#####.....#####.......#..
#....<......# #####...#
#.#######.#.# #...#
........#.#######...#
#########...........#
#.......>...#


You could see a scorpion, 2 iguanas and an endoplasm.

Vanquished Creatures
  Crazy Yiuf (D:3)
  Ijyb (D:3)
  A killer bee zombie (D:4)
  2 adders (D:3)
  A worm (D:3)
  5 ball pythons
  4 bats
  6 endoplasms
  A giant cockroach (D:1)
  10 goblins
  3 hobgoblins (D:1)
  14 jackals
  4 quokkas
  3 frilled lizards
  12 kobolds
  4 rats
72 creatures vanquished.

Notes
Turn   | Place    | Note
-------+----------+-------------------------------------------
     0 | D:1      | Zeld the Octopode Fighter began the quest for the Orb.
     0 | D:1      | Reached XP level 1. HP: 16/16 MP: 1/1
   130 | D:1      | Reached XP level 2. HP: 19/21 MP: 2/2
   341 | D:1      | Reached XP level 3. HP: 26/26 MP: 3/3
  1037 | D:2      | Found Pyso's Armour Shoppe.
  1099 | D:2      | Reached skill level 1 in Throwing
  1282 | D:2      | Reached XP level 4. HP: 10/31 MP: 4/4
  2135 | D:3      | Reached skill level 2 in Throwing
  2270 | D:3      | Noticed Ijyb
  2271 | D:3      | Paralysed by Ijyb for 6 turns
  2279 | D:3      | Paralysed by Ijyb for 6 turns
  2285 | D:3      | Killed Ijyb
  2741 | D:3      | Reached skill level 3 in Throwing
  3007 | D:3      | Reached XP level 5. HP: 36/36 MP: 5/5
  3112 | D:3      | Found a faded altar of an unknown god.
  3475 | D:3      | Found a runed translucent door.
  3476 | D:3      | Noticed Crazy Yiuf
  3719 | D:3      | Killed Crazy Yiuf
  4037 | D:4      | Reached skill level 4 in Throwing
  4145 | D:4      | Gained mutation: One of your tentacles bears a spike.
                  | [potion of mutation]
  4145 | D:4      | Gained mutation: Your mind is acute. (Int +2) [potion of
                  | mutation]
  4145 | D:4      | Gained mutation: One of your tentacles bears a nasty spike.
                  | [potion of mutation]
  4145 | D:4      | Mangled by a scorpion

Illustrated notes

Levels and vault maps discovered:
D:1:      minmay_arrival_wavy_path, layout_loops_cross, minmay_tetromino_t4
D:2:      layout_loops_cross, serial_shops, shop
D:3:      layout_basic, shapermc_ecumenical_altar_flowoftime, uniq_ijyb,
          uniq_crazy_yiuf_cottage
D:4:      lemuel_castle_with_subvaults [lemuel_castle_interior_carwin_3],
          layout_basic, minmay_misc_feat_four_crosses, minmay_ruined_shrine,
          uniq_eustachio, uniq_pikel

Skill      XL: |  1  2  3  4  5 |
---------------+----------------+-----
Throwing       | 1 3 4 |  4.0
Fighting       | |  3.4
Axes           | |  2.6
Dodging        | |  3.0
Shields        | |  3.4

Action                   |  1- 3 |  4- 6 || total
-------------------------+-------+-------++-------
Melee: War axe           |    82 |    43 ||   125
       Constrict         |    21 |    10 ||    31
       Tentacles         |    11 |     6 ||    17
Throw: Dart              |       |     3 ||     3
  Use: Potion            |       |     3 ||     3
 Stab: Sleeping          |     7 |     2 ||     9
Armor: Skin              |     7 |     1 ||     8
Dodge: Dodged            |    48 |    25 ||    73
Block: Kite shield       |    50 |    20 ||    70

Table legend: (Time is in decaauts)
 A = Elapsed time spent in this place.
 B = Non-inter-level travel time spent in this place.
 C = Inter-level travel time spent in this place.
 D = Time resting spent in this place.
 E = Time spent auto-exploring this place.
 F = Levels seen in this place.
 G = Mean time per level.
                   A        B        C        D        E       F      G
               +--------+--------+--------+--------+--------+-----+--------+
         Total |   4226 |   4119 |    107 |    597 |   2981 |   4 | 1056.5 |
       Dungeon |   4226 |   4119 |    107 |    597 |   2981 |   4 | 1056.5 |
               +--------+--------+--------+--------+--------+-----+--------+

Top non-repeatable levels by time:
     D:3: 2023 daAuts
     D:1: 1071 daAuts
     D:2: 1012 daAuts
     D:4: 119 daAuts
